Map: Cyber Forest LE

Players

Wulkrym

  • Race: Zerg Zerg
  • League: Diamond
  • Spawn Location: 11:00

mikka - Winner!

  • Race: Zerg Zerg
  • League: Diamond
  • Spawn Location: 5:00

VOD

Have the link to the VOD?

Description

zvz 2 base roach +1+1 nydus

Time

  • Played on: Feb. 22, 2019, 1:53 p.m.
  • Length: 6:08
Show
View Real Time Build Order
Export as new Build Order

Wulkrym Zerg 

Build Orders: Hatch First 

Get SALT Encoding   

  12  0:01  Drone  
  13  0:12  Overlord  
  13  0:18  Drone  
  14  0:30  Drone x2  
  16  0:51  Hatchery  
  16  0:56  Drone  
  16  0:59  Drone  
  16  1:03  Drone  
  18  1:13  Extractor  
  17  1:19  Spawning Pool  
  17  1:21  Drone  
  17  1:25  Drone  
  18  1:30  Drone  
  19  1:40  Drone  
  20  1:50  Overlord  
  20  2:06  Queen x2  
  20  2:07  Zergling x4  
  26  2:13  Metabolic Boost  
  26  2:15  Drone  
  27  2:18  Drone  
  28  2:25  Drone x2  
  30  2:44  Hatchery  
  30  2:49  Drone x2  
  31  2:57  Baneling Nest  
  30  3:00  Zergling x4  
  32  3:08  Overlord  
  32  3:13  Zergling x6  
  32  3:16  Zergling x2  
  32  3:19  Overlord  
  36  3:28  Zergling x6  
  36  3:29  Zergling x2  
  40  3:37  Queen  
  42  3:43  Drone x2  
  42  3:45  Baneling x2  
  42  3:46  Baneling  
  42  3:47  Baneling  
  44  3:51  Drone x2  
  44  3:55  Drone  
  46  4:12  Extractor, Drone  
  46  4:13  Drone x3  
  49  4:22  Drone x5  
  49  4:23  Drone  
  55  4:33  Evolution Chamber  
  54  4:38  Drone  
  54  4:39  Overlord x2  
  55  4:46  Lair  
  55  4:47  Roach Warren  
  55  4:49  Extractor  
  53  4:53  Drone x3  
  53  4:58  Drone x2  
  58  5:16  Drone x6  
  58  5:17  Drone x3  
  58  5:19  Drone x2  
  69  5:30  Roach  
  69  5:31  Roach  
  69  5:32  Overlord x2  
  72  5:39  Roach  
  72  5:40  Roach  
  73  5:48  Roach  
Show
View Real Time Build Order
Export as new Build Order

mikka Zerg - Winner!

Build Orders: Hatch First, Roach Nydus 

Get SALT Encoding   

  12  0:01  Drone  
  13  0:13  Overlord  
  13  0:18  Drone  
  14  0:31  Drone x2  
  14  0:34  Drone  
  17  0:56  Hatchery  
  16  1:02  Drone x2  
  18  1:16  Extractor  
  18  1:18  Spawning Pool  
  16  1:21  Drone  
  17  1:27  Drone  
  17  1:28  Drone  
  19  1:39  Overlord  
  19  1:50  Drone  
  20  2:04  Queen  
  20  2:07  Queen  
  24  2:09  Drone x2  
  26  2:17  Drone  
  26  2:19  Drone  
  28  2:24  Drone  
  28  2:26  Spine Crawler  
  28  2:29  Drone  
  29  2:38  Drone  
  29  2:40  Drone  
  31  2:48  Overlord  
  31  2:51  Drone  
  32  2:54  Drone  
  33  3:01  Drone  
  33  3:04  Evolution Chamber, Drone  
  34  3:11  Drone  
  35  3:16  Roach Warren  
  34  3:20  Evolution Chamber  
  34  3:21  Drone x5  
  34  3:22  Drone x2  
  34  3:24  Extractor  
  39  3:27  Lair  
  39  3:30  Drone  
  40  3:34  Zerg Missile Weapons Level 1  
  40  3:42  Drone  
  40  3:43  Drone  
  40  3:45  Extractor  
  40  3:47  Overlord  
  40  3:48  Extractor  
  40  3:50  Zerg Ground Armor Level 1  
  40  3:55  Drone x3  
  43  3:59  Overlord  
  43  4:06  Spine Crawler  
  42  4:14  Roach x3  
  42  4:15  Overlord  
  48  4:25  Nydus Network  
  48  4:27  Roach  
  48  4:28  Roach  
  51  4:34  Glial Reconstitution  
  51  4:39  Roach x2  
  51  4:43  Roach  
  57  4:46  Roach  
  57  4:49  Roach  
  61  4:53  Overlord  
  61  4:56  Roach  
  63  5:01  Roach  
  63  5:02  Roach  
  67  5:08  Nydus Canal  
  67  5:11  Overlord  
  67  5:12  Roach  
  69  5:15  Roach  
  69  5:20  Roach  
  73  5:21  Roach  
  75  5:30  Roach  
  75  5:31  Roach  
  75  5:32  Roach  
  81  5:38  Roach  
  81  5:42  Nydus Canal  
  83  5:49  Overlord x2  
Tags
 
Add a new tag
Caveats
  • Supply blocks, unpowered buildings, or Contaminate may cause inaccurate times.
  • Supply counts are checked every 10 seconds.